 Dungeon Crawl Stone Soup version 0.31-a0-971-g75a2e9a4b4 (webtiles) character file.

Game seed: 17631398849717826131

51506 Ge0ff the Zephyrmancer (level 14, -3/107 HPs)
             Began as a Ghoul Air Elementalist on Oct 28, 2023.
             Was an Elder of Vehumet.
             Slain by a boulder beetle (34 damage)
             ... on level 5 of the Lair of Beasts.
             The game lasted 00:55:27 (23768 turns).

Ge0ff the Zephyrmancer (Ghoul Air Elementalist)    Turns: 23768, Time: 00:55:27

Health: -3/107     AC: 19    Str: 13    XL:     14   Next: 59%
Magic:  24/26      EV: 11    Int: 20    God:    Vehumet [****..]
Gold:   333        SH:  4    Dex:  9    Spells: 4/31 levels left

rFire   . . .        a - staff of conjuration
rCold   + + .        h - +0 buckler
rNeg    + + +        H - +4 robe of Beilaly {rC+ Int+3}
rPois   ∞            Q - +2 helmet {Int+3}
rElec   .            u - +0 cloak of Generosity {Regen+ rCorr Slay+3}
rCorr   +            D - +1 pair of gloves
SInv    .            Z - +2 pair of boots
Will    ++...        Y - amulet of magic regeneration
Stlth   ++           L - +4 ring of protection
HPRegen 0.00/turn    l - ring of willpower {=R}
MPRegen 0.60/turn

%: no passive effects
@: inhibited regen, slowed, very slow
A: claws 1, cold resistance 1, negative energy resistance 3, inhibited
regeneration, torment resistance 2, devour on kill
a: Renounce Religion


You were on level 5 of the Lair of Beasts.
You worshipped Vehumet.
Vehumet was greatly pleased with you.
You visited 3 branches of the dungeon, and saw 18 of its levels.

You collected 2253 gold pieces.
You spent 1920 gold pieces at shops.

Inventory:

Hand Weapons
 b - a +6 spear of venom
 w - a +2 dagger of electrocution
Missiles
 g - a throwing net {=F}
 n - 8 boomerangs
 v - 8 curare-tipped darts {=F}
 S - 3 javelins
 V - 20 poisoned darts
Armour
 c - an orb of energy
 h - a +0 buckler (worn)
 u - the +0 cloak of Generosity (worn) {Regen+ rCorr Slay+3}
   (You acquired it on level 2 of the Lair of Beasts)

   Slay+3:    It affects your accuracy & damage with ranged weapons and melee
   (+3).
   Regen+:    It increases your rate of health regeneration.
   rCorr:     It protects you from acid and corrosion.
 A - a +0 troll leather armour
 D - a +1 pair of gloves (worn)
 H - the +4 robe of Beilaly (worn) {rC+ Int+3}
   (You took it off a hobgoblin on level 2 of the Dungeon)

   Int+3:     It affects your intelligence (+3).
   rC+:       It protects you from cold.
 Q - a +2 helmet of intelligence (worn)
 Z - a +2 pair of boots (worn)
Magical Staves
 a - a staff of conjuration (weapon)
 o - a staff of fire
Jewellery
 l - a ring of willpower (right hand) {=R}
 r - a ring of see invisible
 t - a ring of protection from fire
 x - a ring of fire
 G - a ring of flight
 L - a +4 ring of protection (left hand)
 O - a +4 ring of slaying
 Y - an amulet of magic regeneration (around neck)
Wands
 d - a wand of digging (13)
 e - a wand of charming (22)
 f - a wand of flame (17)
 j - a wand of light (3)
 k - a wand of iceblast (13)
 s - a wand of mindburst (10)
 P - a wand of polymorph (17)
Scrolls
 i - 3 scrolls of identify
 m - 3 scrolls of revelation
 p - 4 scrolls of torment
 y - 2 scrolls of immolation
 B - 8 scrolls of blinking
 C - a scroll of poison
 E - 3 scrolls of fear
 F - 2 scrolls of fog
 J - 2 scrolls of silence {!r}
 T - 7 scrolls of teleportation
Potions
 q - 5 potions of curing
 z - 5 potions of brilliance
 I - 2 potions of invisibility
 K - 3 potions of magic {!q}
 M - 2 potions of might
 N - a potion of cancellation {!q}
 R - a potion of resistance
 W - 6 potions of heal wounds {!q}
 X - 3 potions of enlightenment


   Skills:
 - Level 5.0 Fighting
 - Level 1.0 Armour
 - Level 2.0 Dodging
 - Level 2.1 Stealth
 - Level 5.0 Shields
 + Level 9.0 Spellcasting
 - Level 8.0 Conjurations
 - Level 5.0 Hexes
 - Level 5.0 Fire Magic
 * Level 12.4 Air Magic
 - Level 9.0 Earth Magic
 - Level 3.0 Poison Magic
 - Level 2.0 Evocations


You had 4 spell levels left.
You knew the following spells:

 Your Spells              Type           Power      Damage    Failure   Level
f - Mephitic Cloud        Conj/Pois/Air  57%        N/A       1%          3
j - Inner Flame           Hex/Fire       29%        N/A       1%          3
k - Shock                 Conj/Air       100%       1d9       1%          1
m - Fireball              Conj/Fire      25%        3d11      5%          5
s - Maxwell's Capacitive  Air            28%        ∞         67%         8
v - Poisonous Vapours     Pois/Air       78%        N/A       1%          2
C - Stone Arrow           Conj/Erth      100%       3d13      1%          3
E - Static Discharge      Conj/Air       100%       3-8/arc   1%          2

Your spell library contained the following spells:

 Spells                   Type           Power      Damage    Failure   Level
 Cigotuvi's Dreadful Rot  Necr/Pois/Air  58%        N/A       1%          2
 Dazzling Flash           Conj/Hex       100%       N/A       1%          3
 Swiftness                Air            56%        N/A       1%          3
 Airstrike                Air            28%        2d(4-20)  1%          4
 Passwall                 Tmut/Erth      22%        N/A       2%          2
 Volatile Blastmotes      Fire/Tloc      38%        2d13      3%          3
 Sting                    Tmut/Pois      60%        1d6       5%          1
 Ensorcelled Hibernation  Hex/Ice        38%        N/A       5%          2
 Animate Armour           Summ/Erth      54%        N/A       16%         4
 Gell's Gravitas          Tloc           9%         N/A       30%         3
 Teleport Other           Tloc           9%         N/A       30%         3
 Manifold Assault         Tloc           9%         N/A       69%         4
 Starburst                Conj/Fire      25%        6d8       26%         6
 Lehudib's Crystal Spear  Conj/Erth      29%        10d8      99%         8
 Dispersal                Tloc           4%         N/A       100%        6
 Disjunction              Tloc           4%         N/A       100%        8


Dungeon Overview and Level Annotations

Branches:
Dungeon (12/15) Zot: 25466  Temple (1/1) D:6 Zot: 5971    Lair (5/5) D:10 Zot: 24655
 Shoals (0/4) Lair:2        Snake (0/4) Lair:2          Orc (0/2) D:9
  Slime: Lair:4-5

Altars:
Ashenzari
Cheibriados
Dithmenos
Fedhas
Gozag
Hepliaklqana
Kikubaaqudgha
Makhleb
Nemelex Xobeh
Okawaru
Qazlal
Ru
Sif Muna
Trog
Uskayaw
Vehumet
Wu Jian
Xom
Yredelemnul

Shops:
D:2 =*   D:5 ?*   D:7 *   D:12 !


Innate Abilities, Weirdness & Mutations

You are immune to poison.
You have sharp fingernails.
Your flesh is cold resistant. (rC+)
You are immune to negative energy. (rN+++)
You do not regenerate when monsters are visible.
You are immune to unholy pain and torment.
You thrive by killing the living.


Message History

The rime drake hisses angrily.
You block the black mamba's attack. You block the yak's attack.
The yak gores you but does no damage. The yak gores you!
The black mamba bites you but does no damage.
The torpor snail bites you but does no damage.
The yak misses you. The yak gores you but does no damage.
As you read the scroll of fear, it crumbles to dust.
You assume a fearsome visage.
The torpor snail looks frightened!
The yak looks frightened! x2; The yak resists with some effort.
The yak looks frightened!
The black mamba looks frightened!
The rime drake looks frightened!
The yak looks frightened! x4
A boulder beetle comes into view.
The yak closely misses you.
Casting: Static Discharge (safe; 1% risk of failure)
Confirm with . or Enter, or press ? or * to list all spells.
You feel a surge of power!
The yak is struck by an arc of lightning!
You kill the yak!
Vehumet accepts your kill.
You feel better.
You feel your power returning.
The yak is struck by an arc of lightning.
Your attack snaps the yak out of its fear.
The yak is heavily wounded.
The yak gores you but does no damage.
Casting: Static Discharge (safe; 1% risk of failure)
Confirm with . or Enter, or press ? or * to list all spells.
You feel a surge of power!
The yak is struck by an arc of lightning.
The yak is severely wounded.
You are struck by an arc of lightning.
The yak is struck by an arc of lightning.
The yak is severely wounded.
The lightning grounds out.
A yak comes into view.
The boulder beetle curls into a ball and begins rolling!
The yak gores you but does no damage.
Casting: Static Discharge (safe; 1% risk of failure)
Confirm with . or Enter, or press ? or * to list all spells.
You feel a surge of power!
The yak is struck by an arc of lightning.
The yak is severely wounded.
You are struck by an arc of lightning.
The yak is struck by an arc of lightning.
The yak is almost dead.
You are struck by an arc of lightning.
You block the yak's attack.
A torpor snail comes into view.
The yak gores you!
* * * LOW HITPOINT WARNING * * *
The boulder beetle hits you!!
You die...

...............
........P......
........P......
.w#.....#....#.
............P..
...............
......†Y.......
#)..†@.....#
......B†..P.#..
.....○....P....
....°..........
..°°...S.......
....Y.....#.P..
.w...........#.
.......Y.....#


You could see a boulder beetle (rolling), 2 torpor snails, a black mamba and 3
yaks.

Vanquished Creatures
  A catoblepas (Lair:4)
  3 two-headed ogres
  3 death yaks (Lair:4)
  Sonja (D:11)
  A lindwurm (Lair:2)
  An ugly thing (D:12)
  2 manticores
  A cyclops (D:10)
  A salamander (Lair:2)
  7 elephants
  11 cane toads
  A black mamba (Lair:1)
  A gargoyle (D:10)
  An unseen horror (D:11)
  Jeremiah (D:8)
  3 rime drakes
  6 komodo dragons
  The ghost of JaaP the Shield-Bearer, an amateur MiFi of Makhleb (D:5)
  5 trolls
  3 blink frogs (Lair:4)
  A polar bear (Lair:3)
  Prince Ribbit (D:7)
  A hornet (D:8)
  Grinder (D:4)
  6 slime creatures (D:12)
  2 dream sheep (Lair:5)
  6 wyverns
  55 yaks
  14 vampire mosquitoes
  A steam dragon (D:9)
  3 nagas (Lair:2)
  2 acid dragons
  8 water moccasins
  An ice beast (D:5)
  7 orc warriors
  The ghost of baljet the Ruffian, an amateur TrSh of Okawaru (D:3)
  3 sky beasts
  An ogre (D:5)
  4 black bears
  4 centaurs
  9 wolves (Lair:1)
  A phantom (D:6)
  5 kobold brigands
  12 bullfrogs
  5 gnoll sergeants
  A wyvern zombie (D:5)
  7 scorpions
  7 wights
  4 killer bees (D:10)
  10 howler monkeys
  3 jellies
  3 hounds
  A gnoll bouda (D:7)
  5 orc priests
  4 iguanas
  3 sleepcaps
  8 orc wizards
  A hound zombie (D:5)
  Robin (D:4)
  14 gnolls
  10 adders
  2 white imps
  2 ufetubi (D:3)
  5 dart slugs
  43 orcs
  7 ball pythons
  7 bats
  7 endoplasms
  9 giant cockroaches
  15 goblins
  12 hobgoblins
  5 quokkas
  A frilled lizard (D:4)
  18 kobolds
  6 rats
  A butterfly (Lair:4)
430 creatures vanquished.

Vanquished Creatures (collateral kills)
  A manticore (D:12)
1 creature vanquished.

Vanquished Creatures (others)
  An ugly thing (D:12)
  A human (D:3)
2 creatures vanquished.

Grand Total: 433 creatures vanquished

Notes
Turn   | Place    | Note
-------+----------+-------------------------------------------
     0 | D:1      | Ge0ff the Ghoul Air Elementalist began the quest for the
                  | Orb.
     0 | D:1      | Reached XP level 1. HP: 14/14 MP: 2/2
    75 | D:1      | Reached skill level 1 in Conjurations
   159 | D:1      | Reached XP level 2. HP: 14/20 MP: 0/3
   968 | D:1      | Reached XP level 3. HP: 26/26 MP: 5/5
  1217 | D:2      | Found Oshu's Jewellery Emporium.
  1251 | D:2      | Reached skill level 3 in Air Magic
  1304 | D:2      | Found a sacrificial altar of Ru.
  1516 | D:2      | You fall into a shaft and drop 2 floors!
  1609 | D:4      | Reached skill level 1 in Fighting
  1609 | D:4      | Reached XP level 4. HP: 29/35 MP: 3/6
  1722 | D:3      | Reached XP level 5. HP: 38/40 MP: 5/7
  1926 | D:3      | Found a shimmering altar of Xom.
  1963 | D:3      | Noticed Robin
  2142 | D:4      | Killed Robin
  2389 | D:3      | Reached skill level 4 in Air Magic
  2395 | D:3      | Noticed an angel
  2459 | D:2      | Found a faded altar of an unknown god.
  2611 | D:2      | Found Tamak's Armour Shoppe.
  2617 | D:2      | Found Zezozx Syell's General Store.
  2633 | D:2      | Reached XP level 6. HP: 47/47 MP: 3/8
  2980 | D:2      | Identified the +4 robe of Beilaly {rC+ Int+3}
  3230 | D:2      | Learned a level 2 spell: Static Discharge
  3633 | D:3      | Found a runed translucent gate.
  3634 | D:3      | Found a runed translucent gate.
  3636 | D:3      | Found a runed translucent gate.
  3636 | D:3      | Noticed baljet's ghost (amateur TrSh)
  3764 | D:3      | Found an ancient bone altar of Kikubaaqudgha.
  3768 | D:3      | Noticed a human
  3771 | D:3      | Killed a human
  3905 | D:4      | Noticed Grinder
  4289 | D:4      | Identified the +1 shortbow of Carved Watchfulness {heavy,
                  | rPois rN+ Int-3 Stlth+}
  4746 | D:5      | Entered Level 5 of the Dungeon
  4746 | D:5      | Noticed a black bear
  4756 | D:4      | Killed a black bear
  4757 | D:4      | Reached XP level 7. HP: 46/52 MP: 5/9
  4809 | D:5      | Reached skill level 5 in Air Magic
  4929 | D:5      | Found Qixeneni's Magic Scroll Emporium.
  4939 | D:5      | Bought a scroll of identify for 24 gold pieces
  4939 | D:5      | Bought a scroll of teleportation for 36 gold pieces
  4947 | D:5      | Found a stormy altar of Qazlal.
  5128 | D:5      | Found Amycug Mue's Assorted Antiques.
  5153 | D:5      | Bought a purple potion for 29 gold pieces
  5196 | D:5      | Reached skill level 5 in Conjurations
  5196 | D:5      | Reached skill level 1 in Evocations
  5318 | D:5      | Found a shimmering blue altar of Sif Muna.
  5322 | D:5      | Found a blossoming altar of Fedhas.
  5334 | D:5      | Found a hazy altar of Hepliaklqana.
  5336 | D:5      | Found a shadowy altar of Dithmenos.
  5371 | D:5      | Found a runed translucent gate.
  5371 | D:5      | Found a runed translucent gate.
  5371 | D:5      | Found a runed translucent gate.
  5371 | D:5      | Noticed JaaP's ghost (amateur MiFi)
  5373 | D:5      | Found a basalt altar of Yredelemnul.
  5389 | D:5      | Reached XP level 8. HP: 50/59 MP: 3/11
  5646 | D:4      | Killed Grinder
  5744 | D:4      | Found an opulent altar of Gozag.
  6318 | D:5      | Learned a level 3 spell: Stone Arrow
  6398 | D:6      | Found a bloodstained altar of Trog.
  6618 | D:6      | Reached XP level 9. HP: 67/67 MP: 7/12
  6696 | D:6      | Reached skill level 6 in Air Magic
  7184 | D:6      | Found a staircase to the Ecumenical Temple.
  7192 | Temple   | Entered the Ecumenical Temple
  7206 | Temple   | Became a worshipper of Vehumet
  7535 | D:7      | Identified the of Boangoh
  7976 | D:7      | Noticed Prince Ribbit
  8008 | D:7      | Reached skill level 1 in Armour
  8373 | D:7      | Found Daorihoq's Assorted Antiques.
  8381 | D:7      | Bought 2 amethyst potions for 55 gold pieces
  8381 | D:7      | Bought a scroll labelled VOETHUNAATH for 31 gold pieces
  8381 | D:7      | Bought a scroll labelled VOETHUNAATH for 31 gold pieces
  8918 | D:7      | Killed Prince Ribbit
  8919 | D:7      | Reached skill level 7 in Air Magic
  9011 | D:7      | Found an iron altar of Okawaru.
  9566 | D:7      | Found a sparkling altar of Nemelex Xobeh.
  9833 | D:7      | Reached skill level 5 in Earth Magic
  9874 | D:7      | Noticed a two-headed ogre
  9881 | D:7      | Noticed a two-headed ogre
 10024 | D:7      | Killed a two-headed ogre
 10025 | D:7      | Reached XP level 10. HP: 60/73 MP: 2/13
 10027 | D:7      | Killed a two-headed ogre
 10485 | D:8      | Reached * piety under Vehumet
 10485 | D:8      | Offered knowledge of Sandblast by Vehumet.
 10490 | D:8      | Noticed Jeremiah
 10520 | D:7      | Learned a level 2 spell: Poisonous Vapours
 10524 | D:7      | Learned a level 3 spell: Mephitic Cloud
 10546 | D:8      | Killed Jeremiah
 10951 | D:8      | Found an ornate altar of the Wu Jian Council.
 12675 | D:9      | Reached skill level 5 in Spellcasting
 12923 | D:9      | Identified a scroll of acquirement
 12923 | D:9      | Acquired 1229 gold pieces
 13025 | D:7      | Bought a glowing helmet for 232 gold pieces
 13084 | D:5      | Bought a scroll of torment for 114 gold pieces
 13084 | D:5      | Bought a scroll of blinking for 90 gold pieces
 13173 | D:2      | Bought an amulet of magic regeneration for 360 gold pieces
 13651 | D:9      | Found a staircase to the Orcish Mines.
 13653 | D:9      | Offered knowledge of Momentum Strike by Vehumet.
 13653 | D:9      | Reached ** piety under Vehumet
 13654 | D:9      | Reached XP level 11. HP: 82/82 MP: 17/17
 13955 | D:3      | Killed baljet's ghost
 14058 | D:5      | Killed JaaP's ghost
 14199 | D:10     | Entered Level 10 of the Dungeon
 14204 | D:10     | Noticed a cyclops
 14209 | D:10     | Killed a cyclops
 14311 | D:10     | Reached skill level 5 in Fighting
 15081 | D:10     | Found a burning altar of Makhleb.
 15081 | D:10     | Noticed a balrug
 15132 | D:10     | Found a staircase to the Lair.
 15263 | D:11     | Noticed a manticore
 15273 | D:11     | Killed a manticore
 15396 | D:11     | Noticed a two-headed ogre
 15402 | D:11     | Killed a two-headed ogre
 15666 | D:11     | Offered knowledge of Inner Flame by Vehumet.
 15667 | D:11     | Reached skill level 1 in Shields
 15671 | D:11     | Learned a level 3 spell: Inner Flame
 15714 | D:11     | Noticed Sonja
 15740 | D:11     | Killed Sonja
 15741 | D:11     | Reached skill level 1 in Hexes
 15741 | D:11     | Reached skill level 1 in Fire Magic
 17034 | D:12     | Noticed a cyan ugly thing
 17045 | D:12     | Killed a cyan ugly thing
 17046 | D:12     | Reached XP level 12. HP: 31/94 MP: 7/21
 17260 | D:12     | Found Zealy's Distillery.
 17266 | D:12     | Bought a potion of degeneration for 18 gold pieces
 17523 | D:12     | Reached *** piety under Vehumet
 18050 | D:12     | Offered knowledge of Sticky Flame by Vehumet.
 18271 | Lair:1   | Entered Level 1 of the Lair of Beasts
 18529 | D:12     | Bought a potion of experience for 900 gold pieces
 18529 | D:12     | Reached skill level 10 in Air Magic
 18529 | D:12     | Reached XP level 13. HP: 100/100 MP: 22/22
 18539 | D:12     | Learned a level 8 spell: Maxwell's Capacitive Coupling
 18636 | Lair:1   | Reached skill level 5 in Shields
 18706 | Lair:1   | Reached **** piety under Vehumet
 18877 | Lair:1   | Offered knowledge of Lee's Rapid Deconstruction by Vehumet.
 19767 | Lair:2   | Reached XP level 14. HP: 101/107 MP: 12/24
 19799 | Lair:2   | Reached skill level 5 in Fire Magic
 20016 | Lair:2   | Reached skill level 5 in Hexes
 20092 | Lair:2   | Reached skill level 11 in Air Magic
 20183 | Lair:2   | Found a staircase to the Snake Pit.
 20301 | Lair:2   | Found a staircase to the Shoals.
 20436 | Lair:2   | Acquired the +0 cloak of Generosity {Regen+ rCorr Slay+3}
 20738 | Lair:2   | Found a staircase to the Snake Pit.
 20870 | Lair:2   | Found a staircase to the Shoals.
 21350 | Lair:2   | Reached ***** piety under Vehumet
 21456 | Lair:3   | Offered knowledge of Fireball by Vehumet.
 21468 | Lair:2   | Learned a level 5 spell: Fireball
 22436 | Lair:4   | Reached skill level 12 in Air Magic
 22530 | Lair:4   | Identified the +5 chain mail of the Sun {rPois rC++ Str-3}
 23748 | Lair:5   | Entered Level 5 of the Lair of Beasts
 23768 | Lair:5   | Slain by a boulder beetle

Illustrated notes

Levels and vault maps discovered:
D:1:      dpeg_arrival_rhombus, layout_basic
D:2:      layout_basic, basic_altar, hellmonk_ecumenical_altar_leap_of_faith,
          serial_shops, shop, shop, shop, chequers_serial_rivers_micro_c,
          minmay_split_cup_large
D:3:      layout_rooms, tgw_kikubaaqudgha, brannock_xom_greatest_gift,
          zin_angel, ebering_ghost_rock_garden, minmay_distorted, uniq_robin
D:4:      layout_gridville, nicolae_overflow_hidden_temple, uniq_grinder
D:5:      layout_basic, nicolae_yredelemnul_ghost_church,
          nicolae_overflow_macrodata_refinement, lemuel_round_altar,
          serial_shops, shop, nicolae_shop_trees
D:6:      layout_basic, trog_three_pillars_becter, minmay_temple_entry_arrows,
          minmay_misc_feat_nine_boxes
D:7:      minmay_chambers_of_sixes, layout_layer_cave,
          mainiacjoe_overflow_paths, tso_metal_star, kennysheep_mini,
          serial_shops, nicolae_square_shop,
          nicolae_concentric_dashed_squares_mild, nicolae_sextant,
          uniq_prince_ribbit1
D:8:      layout_gridville, lemuel_doored_altar, uniq_jeremiah
D:9:      layout_stronghold, kennysheep_orc_monster_closet_entryway
D:10:     layout_loops_cross, makhleb_altar_promises_db, david_lair_shrubbed
D:11:     layout_basic, uniq_sonja
D:12:     layout_roguey, serial_shops, nicolae_shop_statue_plus
Temple:   hellmonk_temple_rainy
Lair:1:   layout_roguey, beast_lair_carwin_10
Lair:2:   layout_roguey, elwin_shoals_entry_rocks, alex1729_snake_entry_snake,
          serial_bayou_shore_b
Lair:3:   layout_misc_corridors, serial_bayou_pond_e
Lair:4:   layout_cave_pods, lemuel_fruit_fields, infiniplex_staircase_pool,
          lemuel_fruit_fields
Lair:5:   grunt_lair_end_beastmaster, layout_long_grid, slime_entry_1,
          basic_altar, uniq_urug

Skill      XL: |  1  2  3  4  5  6  7  8  9 10 11 12 13 14 |
---------------+-------------------------------------------+-----
Conjurations   | 1 2 3 4 5 7 8 |  8.0
Spellcasting   | 2 3 5 7 9 |  9.0
Air Magic      | 3 4 5 7 10 12 | 12.4
Fighting       | 1 2 3 5 |  5.0
Evocations     | 1 2 |  2.0
Dodging        | 2 |  2.0
Earth Magic    | 3 6 9 |  9.0
Armour         | 1 |  1.0
Poison Magic   | 3 |  3.0
Shields        | 3 4 5 |  5.0
Hexes          | 2 4 5 |  5.0
Fire Magic     | 2 4 5 |  5.0
Stealth        | |  2.1

Action                     |  1- 3 |  4- 6 |  7- 9 | 10-12 | 13-15 || total
---------------------------+-------+-------+-------+-------+-------++-------
  Melee: Unarmed           |    21 |       |       |       |       ||    21
         Punch             |     1 |     1 |       |     3 |       ||     5
         Dagger            |    68 |       |       |       |       ||    68
         Whip              |     5 |    88 |     9 |       |       ||   102
         Staff             |       |       |     9 |     5 |    16 ||    30
         Spear             |       |       |       |    89 |    18 ||   107
   Cast: Shock             |    38 |   119 |   230 |   187 |   116 ||   690
         Static Discharge  |       |       |     5 |    14 |   125 ||   144
         Stone Arrow       |       |       |    16 |   110 |   102 ||   228
         Poisonous Vapours |       |       |       |    42 |     7 ||    49
         Mephitic Cloud    |       |       |       |    16 |     2 ||    18
         Inner Flame       |       |       |       |     6 |       ||     6
  Evoke: Wand              |       |       |       |    10 |       ||    10
    Use: Scroll            |     4 |     1 |     8 |    12 |     8 ||    33
         Potion            |       |       |       |     3 |       ||     3
   Stab: Sleeping          |     1 |       |       |       |       ||     1
         Confused          |       |       |       |     5 |     1 ||     6
 Armour: Robe              |    50 |    87 |    68 |   197 |   362 ||   764
         Leather armour    |       |       |    20 |       |       ||    20
  Dodge: Dodged            |    57 |   112 |    80 |   159 |   122 ||   530
  Block: Buckler           |       |       |       |    12 |    42 ||    54

Table legend: (Time is in decaauts)
 A = Elapsed time spent in this place.
 B = Non-inter-level travel time spent in this place.
 C = Inter-level travel time spent in this place.
 D = Time resting spent in this place.
 E = Time spent auto-exploring this place.
 F = Levels seen in this place.
 G = Mean time per level.
                   A        B        C        D        E       F      G
               +--------+--------+--------+--------+--------+-----+--------+
         Total |  23823 |  22032 |   1791 |   1668 |  16677 |  18 | 1323.5 |
       Dungeon |  18451 |  16871 |   1580 |   1661 |  12285 |  12 | 1537.6 |
        Temple |     28 |     15 |     13 |      0 |      0 |   1 |   28.0 |
          Lair |   5343 |   5146 |    197 |      7 |   4392 |   5 | 1068.6 |
               +--------+--------+--------+--------+--------+-----+--------+

Top non-repeatable levels by time:
     D:7: 2947 daAuts
    D:11: 1905 daAuts
     D:4: 1709 daAuts
     D:8: 1709 daAuts
  Lair:2: 1657 daAuts
  Lair:4: 1621 daAuts
     D:9: 1546 daAuts
     D:5: 1379 daAuts
     D:6: 1327 daAuts
  Lair:1: 1323 daAuts
     D:2: 1302 daAuts
     D:3: 1209 daAuts
    D:12: 1186 daAuts
    D:10: 1123 daAuts
     D:1: 1104 daAuts
